 Dungeon Crawl Stone Soup version 0.32-a0-616-g9348d4545b (webtiles) character file.

Game seed: 1043964071992451301

437 Khashishi the Shooter (level 7, -2/46 (50) HPs)
             Began as a Coglin Hunter on Mar 6, 2024.
             Was a Follower of Jiyva.
             Slain by a wight
             ... wielding a +0 heavy great sword
              (28 damage)
             ... on level 5 of the Dungeon.
             The game lasted 00:23:54 (2584 turns).

Khashishi the Shooter (Coglin Hunter)               Turns: 2584, Time: 00:23:54

HP:   -2/46 (50)    AC:  6    Str: 12    XL:     7   Next: 1%
MP:   8/8           EV: 12    Int:  8    God:    Jiyva [*.....]
Gold: 21            SH:  0    Dex: 19    Spells: 7/8 levels left

rFire   . . .        a - +2 sling {Hugo}
rCold   . . .        d - +0 sling {Xiuying}
rNeg    . . .        c - +0 leather armour
rPois   .            n - +0 helmet
rElec   .            k - +0 cloak
rCorr   .            (no gloves)
SInv    .            l - +0 pair of boots
Will    .....        (amulet unavailable)
Stlth   ++           (ring unavailable)
HPRegen 1.07/turn    (ring unavailable)
MPRegen 0.51/turn    (no gizmo)

%: no passive effects
@: drained, revved
A: off-hand wielding, slow wielding, warmup strikes, no jewellery
a: Invent Gizmo, Renounce Religion


You were on level 5 of the Dungeon.
You worshipped Jiyva.
Jiyva was aware of your devotion.
You visited 2 branches of the dungeon, and saw 6 of its levels.

You collected 135 gold pieces.
You spent 114 gold pieces at shops.

Inventory:

Hand Weapons
 a - a +2 sling (weapon) {Hugo}
 d - a +0 sling (offhand) {Xiuying}
Missiles
 j - 3 darts of dispersal
 t - 12 poisoned darts
Armour
 c - a +0 leather armour (worn)
 k - a +0 cloak (worn)
 l - a +0 pair of boots (worn)
 n - a +0 helmet (worn)
Scrolls
 b - a scroll of butterflies
 e - a scroll of silence {unknown}
 h - 4 scrolls of noise {unknown}
 i - 2 scrolls of identify {unknown}
 o - a scroll of brand weapon {unknown}
 q - a scroll of fear {unknown}
 s - a scroll of blinking {unknown}
 w - a scroll of revelation {unknown}
 y - a scroll of poison {unknown}
Potions
 f - a potion of enlightenment {unknown}
 g - a potion of berserk rage {unknown}
 m - a potion of heal wounds {unknown}
 p - 2 potions of attraction {unknown}
 r - a potion of mutation {unknown}
 v - a potion of haste {unknown}
 x - a potion of curing {unknown}
 z - a potion of degeneration {unknown}
 A - a potion of resistance {unknown}


   Skills:
 - Level 2.1 Fighting
 + Level 6.0 Ranged Weapons
 - Level 2.0 Dodging
 - Level 1.0 Stealth
 - Level 1.0 Spellcasting
 - Level 3.0 Summonings
 + Level 3.1 Evocations


You had 7 spell levels left.
You knew the following spells:

 Your Spells              Type           Power      Damage    Failure   Level
a - Summon Small Mammal   Summ           20%        N/A       14%         1

Your spell library contained the following spells:

 Spells                   Type           Power      Damage    Failure   Level
 Call Canine Familiar     Summ           5%         N/A       41%         3
 Sandblast                Erth           0%         2d4       45%         1
 Passwall                 Erth           0%         N/A       83%         3
 Stone Arrow              Conj/Erth      0%         3d7       83%         3
 Summon Blazeheart Golem  Fire/Summ      2%         N/A       95%         4
 Brom's Barrelling Bould  Conj/Erth      0%         2d3       99%         4


Dungeon Overview and Level Annotations

Branches:
Dungeon (5/15)             Temple (1/1) D:4

Altars:
Ashenzari
Cheibriados
Dithmenos
Elyvilon
Fedhas
Gozag
Hepliaklqana
Kikubaaqudgha
Makhleb
Nemelex Xobeh
Okawaru
Qazlal
Ru
Sif Muna
Trog
Uskayaw
Vehumet
Wu Jian
Xom
Yredelemnul
Zin
The Shining One
Beogh
Ignis
Jiyva
Lugonu

Shops:
D:4 :*


Innate Abilities, Weirdness & Mutations

You can wield a second weapon in your off-hand.
It takes a long time for you to wield or remove held weapons.
Your first few attacks do less damage.
You cannot equip rings or amulets.


Message History

You shoot a sling bullet.
The sling bullet closely misses the wight.
The sling bullet hits the wight but does no damage.
The wight is heavily damaged.
You shoot a sling bullet.
The sling bullet closely misses the wight.
The sling bullet barely misses the wight.
Fire: a) +2 sling {Hugo}
Press: ? - help, Q - select action, (/) - cycle Shift-Dir - straight line, f/p - wight
Aim: a wight, wielding a +0 heavy great sword and wearing a +0 robe (heavily damaged, 65% to hit)
You shoot a sling bullet.
The sling bullet hits the wight but does no damage.
The wight is heavily damaged.
You shoot a sling bullet.
The sling bullet hits the wight but does no damage.
The wight is heavily damaged.
The wight closely misses you.
Fire: a) +2 sling {Hugo}
Press: ? - help, Q - select action, (/) - cycle Shift-Dir - straight line, f/p - wight
Aim: a wight, wielding a +0 heavy great sword and wearing a +0 robe (heavily damaged, 65% to hit)
You shoot a sling bullet.
The sling bullet hits the wight but does no damage.
The wight is heavily damaged.
You shoot a sling bullet.
The sling bullet hits the wight but does no damage.
The wight is heavily damaged.
The wight hits you with a +1 mace.
You feel drained. The wight closely misses you.
Fire: a) +2 sling {Hugo}
Press: ? - help, Q - select action, (/) - cycle Shift-Dir - straight line, f/p - wight
Aim: a wight, wielding a +0 heavy great sword and wearing a +0 robe (heavily damaged, 65% to hit)
You shoot a sling bullet. The sling bullet hits the wight.
The wight is heavily damaged.
You shoot a sling bullet.
The sling bullet closely misses the wight.
The wight hits you with a +1 mace!
The wight hits you with a +0 heavy great sword!!
Ouch! That really hurt!
You die...
Jiyva sends a jelly to digest your remains.

+.................###.#
#.#.###..###..#.#...(.#
#.#.#.#..#....#.#.##..#
#...#.#..###..###.##..#
##........)......#...#
#.###..###..###....####
#...#....#....#........
#.###.z###..###.#######
#.....@z........#
#.###..#.#..###.#
#.#....#.#....#
..###..###..### #...
.... ....
#..#.####.#+### ##...
.. #.. .. ...


You could see 2 wights.

Vanquished Creatures
  Duvessa (D:4)
  2 wights (D:5)
  Dowan (D:4)
  A bombardier beetle (D:3)
  A hound (D:4)
  An orc priest (D:4)
  6 adders
  3 dart slugs
  2 ribbon worms
  4 orcs
  An endoplasm (D:1)
  3 giant cockroaches (D:1)
  7 goblins
  3 hobgoblins
  3 quokkas
  3 ball pythons
  6 bats
  5 kobolds
  4 rats
57 creatures vanquished.

Vanquished Creatures (others)
  A jelly (D:4)
  A ball python (D:4)
  A giant cockroach (D:4)
  A kobold (D:4)
4 creatures vanquished.

Grand Total: 61 creatures vanquished

Notes
Turn   | Place    | Note
-------+----------+-------------------------------------------
     0 | D:1      | Khashishi the Coglin Hunter began the quest for the Orb.
     0 | D:1      | Reached XP level 1. HP: 16/16 MP: 1/1
    89 | D:1      | Reached skill level 1 in Stealth
    91 | D:1      | Reached XP level 2. HP: 18/22 MP: 2/2
   228 | D:1      | Reached skill level 4 in Ranged Weapons
   570 | D:2      | Reached XP level 3. HP: 22/27 MP: 3/3
  1854 | D:4      | Reached XP level 4. HP: 31/33 MP: 4/4
  1893 | D:4      | Found Bisuo's Assorted Antiques.
  1936 | D:4      | Learned a level 1 spell: Summon Small Mammal
  1942 | D:4      | Reached skill level 5 in Ranged Weapons
  2001 | D:4      | Reached skill level 1 in Summonings
  2005 | D:4      | Reached XP level 5. HP: 27/38 MP: 5/5
  2010 | D:4      | Found a staircase to the Ecumenical Temple.
  2022 | Temple   | Entered the Ecumenical Temple
  2052 | Temple   | Became a worshipper of Jiyva Jelo the Shapeless
  2122 | D:4      | Found Fereeq's Tremendous Tomes.
  2165 | D:4      | Noticed Dowan
  2172 | D:4      | Killed Dowan
  2173 | D:4      | Reached skill level 1 in Evocations
  2261 | D:4      | Bought a scroll labelled DIYGAT CE YVU for 30 gold pieces
  2261 | D:4      | Bought a metallic brown potion for 27 gold pieces
  2261 | D:4      | Bought a scroll labelled ECUOGYSSULUE for 30 gold pieces
  2261 | D:4      | Bought a puce potion for 27 gold pieces
  2306 | D:4      | Noticed Duvessa
  2314 | D:4      | Killed Duvessa
  2315 | D:4      | Reached skill level 1 in Spellcasting
  2315 | D:4      | Reached XP level 6. HP: 12/44 MP: 5/7
  2339 | D:3      | Reached * piety under Jiyva
  2436 | D:5      | Entered Level 5 of the Dungeon
  2533 | D:5      | Reached skill level 6 in Ranged Weapons
  2558 | D:5      | Reached XP level 7. HP: 50/50 MP: 8/8
  2584 | D:5      | Slain by a wight

Illustrated notes

Levels and vault maps discovered:
D:1:      minmay_arrival_diagonal_passages, layout_basic
D:2:      layout_basic
D:3:      layout_loops_ring, hangedman_decor_peaks_small
D:4:      layout_loops_ring, minmay_temple_entry_proselytizer, serial_shops,
          nicolae_shop_tiny_glass, grunt_ministairs_7,
          nicolae_shop_i_like_big_books, st_stairs_13, uniq_duvessa
D:5:      layout_basic, minmay_misc_feat_nine_boxes
Temple:   hellmonk_choose_your_character

Skill      XL: |  1  2  3  4  5  6 |
---------------+-------------------+-----
Dodging        | 2 |  2.0
Stealth        | 1 |  1.0
Ranged Weapons | 4 5 6 |  6.0
Summonings     | 1 2 3 |  3.0
Evocations     | 1 3 |  3.1
Spellcasting   | 1 |  1.0
Fighting       | |  2.1

Action                     |  1- 3 |  4- 6 |  7- 9 || total
---------------------------+-------+-------+-------++-------
   Fire: Sling             |   152 |   124 |    16 ||   292
  Evoke: Wand              |       |     3 |     1 ||     4
 Armour: Leather armour    |     9 |    14 |     6 ||    29
  Dodge: Dodged            |     6 |    11 |     5 ||    22

Table legend: (Time is in decaauts)
 A = Elapsed time spent in this place.
 B = Non-inter-level travel time spent in this place.
 C = Inter-level travel time spent in this place.
 D = Time resting spent in this place.
 E = Time spent auto-exploring this place.
 F = Levels seen in this place.
 G = Mean time per level.
                   A        B        C        D        E       F      G
               +--------+--------+--------+--------+--------+-----+--------+
         Total |   2613 |   2204 |    409 |      0 |      0 |   6 |  435.5 |
       Dungeon |   2561 |   2173 |    388 |      0 |      0 |   5 |  512.2 |
        Temple |     52 |     31 |     21 |      0 |      0 |   1 |   52.0 |
               +--------+--------+--------+--------+--------+-----+--------+

Top non-repeatable levels by time:
     D:2: 881 daAuts
     D:3: 555 daAuts
     D:1: 539 daAuts
     D:4: 433 daAuts
     D:5: 151 daAuts
  Temple: 52 daAuts
